 Dungeon Crawl Stone Soup version 0.31-a0-165-g3f4f80340b (webtiles) character file.

Game seed: 5736163622712955241

21 qw the Shield-Bearer (level 2, -4/19 HPs)
             Began as a Gargoyle Fighter on June 13, 2023.
             Slain by Jessica
             ... wielding a +0 club
              (6 damage)
             ... on level 2 of the Dungeon.
             The game lasted 00:00:21 (784 turns).

qw the Shield-Bearer (Gargoyle Fighter)              Turns: 784, Time: 00:00:21

Health: -4/19      AC:  9    Str: 19    XL:     2   Next: 87%
Magic:  2/2        EV:  9    Int:  8    God:
Gold:   8          SH:  4    Dex:  9    Spells: 1/1 levels left

rFire   . . .        Y - +0 war axe
rCold   . . .        c - +0 buckler
rNeg    + . .        b - +0 scale mail
rPois   inf          (no helmet)
rElec   +            (no cloak)
rCorr   .            (no gloves)
SInv    .            (no boots)
Will    .....        (no amulet) Stlth
                     (no ring)
HPRegen 0.23/turn    (no ring)
MPRegen 0.08/turn

%: no passive effects
@: no status effects
A: sickness immunity, AC +2, negative energy resistance 1, electricity
resistance, torment resistance 1, petrification resistance
a: no special abilities


You were on level 2 of the Dungeon.
You visited 1 branch of the dungeon, and saw 2 of its levels.

You collected 8 gold pieces.


Innate Abilities, Weirdness & Mutations

You are immune to sickness and miasma.
Your stone body is resilient. (AC +2)
You are immune to poison.
You resist negative energy. (rN+)
You are resistant to electric shocks. (rElec)
You are resistant to unholy torment.
You are immune to petrification.


   Skills:
 - Level 3.2 Fighting
 + Level 3.0 Axes
 - Level 3.2 Armour
 - Level 3.2 Shields


You had one spell level left.
You didn't know any spells.
Your spell library was empty.

Inventory:

Hand Weapons
 e - a +0 club
 Y - a +0 war axe (weapon)
Armour
 b - a +0 scale mail (worn)
 c - a +0 buckler (worn)
Scrolls
 f - a scroll of identify {unknown}
Potions
 a - a potion of degeneration {unknown}
 d - a potion of might
 g - a potion of berserk rage {unknown}
 i - a potion of heal wounds {unknown}

Dungeon Overview and Level Annotations

Branches:
Dungeon (2/15)

Altars:

Shops:
D:2 =

Annotations:
D:2 Jessica


Message History

You see here a rat corpse.
Jessica the Apprentice Sorceress comes into view.
She is wielding a +0 club and wearing a +2 robe of resistance.
Found 17 gold pieces.
Jessica shouts!
There is an entrance to Ziufi's Jewellery Boutique here.
775 ||| SHOPLISTING +4 ring of slaying (936 gold, have 8).
You can access your shopping list by pressing '$'.
775 ||| SHOPLISTING +5 ring of evasion (432 gold, have 8).
You can access your shopping list by pressing '$'.
775 ||| SHOPLISTING ring of ice (300 gold, have 8).
You can access your shopping list by pressing '$'.
Jessica hits you with a +0 club.
You closely miss Jessica. Jessica hits you with a +0 club.
Jessica closely misses you.
You closely miss Jessica. Jessica hits you with a +0 club!
You hit Jessica.
Jessica is moderately wounded.
Jessica gestures wildly while chanting.
Jessica blinks!
Jessica casts a spell at you. Pain shoots through your body!
There is an entrance to Ziufi's Jewellery Boutique here.
You barely miss Jessica.
Jessica is moderately wounded.
Jessica casts a spell at you. Pain shoots through your body!
You closely miss Jessica.
Jessica is moderately wounded.
Jessica casts a spell.
Jessica blinks!
Jessica mumbles some strange words.
Jessica seems to speed up.
You hit Jessica.
Jessica is severely wounded.
Jessica closely misses you. Jessica barely misses you.
You closely miss Jessica.
Jessica is severely wounded.
Jessica hits you with a +0 club.
You die...

# ... # #.# .# #.# ..#
#.# #.# #.# #.# ####.#.#
#$# .....#.# #.#
######.## #@##
........#######.@######.#
###.###.........\.......#
#.# #####.#############
#.# #.# #.# #.# #.# #.#
#.# #.# #.# #.# #.# #.#


You could see Jessica (fast).

Vanquished Creatures
  A dart slug (D:1)
  2 bats (D:1)
  2 endoplasms (D:1)
  2 goblins (D:1)
  3 hobgoblins (D:1)
  4 jackals (D:1)
  A rat (D:2)
15 creatures vanquished.

Notes
Turn   | Place    | Note
-------+----------+-------------------------------------------
     0 | D:1      | qw the Gargoyle Fighter began the quest for the Orb.
     0 | D:1      | Reached XP level 1. HP: 14/14 MP: 1/1
     0 | D:1      | 0 ||| qw: Version: 0.2-a-29-gc1b59c4
     0 | D:1      | 0 ||| qw: Game counter: 4681
     0 | D:1      | 0 ||| qw: Always use a shield: true
     0 | D:1      | 0 ||| qw: God list: Okawaru
     0 | D:1      | 0 ||| qw: Allow faded altars: false
     0 | D:1      | 0 ||| qw: Do Orc after D:15 true
     0 | D:1      | 0 ||| qw: Do second Lair branch before Depths: true
     0 | D:1      | 0 ||| qw: Lair rune preference: random
     0 | D:1      | 0 ||| qw: Plans: Normal, Zot:1-4, Slime:5, God:TSO, Crypt,
                  | Tomb, Abyss, Pan, Hells, Win
     0 | D:1      | 0 ||| PLANNING D:1-11
   161 | D:1      | Reached XP level 2. HP: 18/19 MP: 2/2
   467 | D:1      | 467 ||| Stepping ~*~*~tactically~*~*~ (stealth).
   468 | D:1      | 468 ||| Stepping ~*~*~tactically~*~*~ (stealth).
   492 | D:1      | Reached skill level 3 in Axes
   541 | D:1      | 541 ||| READING 2 scrolls labelled LENLENU VEROSO.
   542 | D:1      | 542 ||| READING scroll labelled XAYTAG IFUTOUR.
   546 | D:1      | 546 ||| READING scroll labelled BONWEA FURGH.
   647 | D:1      | 647 ||| DROPPING scroll of vulnerability.
   732 | D:2      | 732 ||| Stepping ~*~*~tactically~*~*~ (stealth).
   733 | D:2      | 733 ||| Stepping ~*~*~tactically~*~*~ (stealth).
   766 | D:2      | Found Ziufi's Jewellery Boutique.
   772 | D:2      | Noticed Jessica
   775 | D:2      | 775 ||| SHOPLISTING +4 ring of slaying (936 gold, have 8).
   775 | D:2      | 775 ||| SHOPLISTING +5 ring of evasion (432 gold, have 8).
   775 | D:2      | 775 ||| SHOPLISTING ring of ice (300 gold, have 8).
   780 | D:2      | HP: 1/19 [Jessica/nerve-wracking pain (6)]
   784 | D:2      | Slain by Jessica

Levels and vault maps discovered:
D:1:      ncdulo_wetmaze, layout_basic
D:2:      layout_loops_ring, serial_shops, shop, uniq_jessica

Skill      XL: |  1  2 |
---------------+-------+-----
Axes           | 2 3 |  3.0
Fighting       | |  3.2
Armour         | |  3.2
Shields        | |  3.2

Action                     || total
---------------------------++-------
  Melee: War axe           ||    44
    Use: Scroll            ||     3
 Armour: Scale mail        ||    26
  Dodge: Dodged            ||    19
  Block: Buckler           ||     5

Table legend:
 A = Non-vault XP
 B = Vault XP
 C = Vault XP percentage of total XP
 D = Non-vault monster count
 E = Vault monster count
 F = Vault count percentage of total count
                 A         B        C        D         E       F
            +---------+---------+-------+---------+---------+-------
      Total |      31 |       0 |   0.0 |      15 |       0 |   0.0
            +---------+---------+-------+---------+---------+-------
        D:1 |      30 |       0 |   0.0 |      14 |       0 |   0.0
        D:2 |       1 |       0 |   0.0 |       1 |       0 |   0.0
            +---------+---------+-------+---------+---------+-------
